 Dungeon Crawl Stone Soup version 0.25-a0-822-g6581751 (webtiles) character file.

Game seed: 16952236354737223613, levelgen mode: deterministic

374 Faca the Skirmisher (level 7, -2/56 HPs)
             Began as a Human Fighter on Apr 20, 2020.
             Engulfed by Ijyb's freezing vapour (13 damage)
             ... on level 3 of the Dungeon.
             The game lasted 00:04:01 (2569 turns).

Faca the Skirmisher (Human Fighter)                 Turns: 2569, Time: 00:04:02

Health: -2/56      AC:  6    Str: 17 (18) XL:     7   Next: 3%
Magic:  7/7        EV:  7    Int:  6 (8)  God:
Gold:   150        SH:  9    Dex: 10 (13) Spells: 6/6 levels left

rFire    . . .     SeeInvis .   a - +0 flail
rCold    + . .     Gourm    .   c - +1 kite shield
rNeg     . . .     Faith    .   b - +0 scale mail
rPois    .         Spirit   .   (no helmet)
rElec    .         Reflect  .   (no cloak)
rCorr    .         Harm     .   (no gloves)
MR       .....                  (no boots)
Stlth    ..........             (no amulet)
HPRegen  0.18/turn              j - ring of protection from cold
MPRegen  0.10/turn              (no ring)

@: lethally poisoned (-2 -> -7)
A: no striking features
a: no special abilities


You were on level 3 of the Dungeon.
You were not hungry.

You visited 1 branch of the dungeon, and saw 4 of its levels.

You collected 150 gold pieces.

Inventory:

Hand Weapons
 a - a +0 flail (weapon)
Missiles
 h - 6 boomerangs (quivered)
Armour
 b - a +0 scale mail (worn)
 c - a +1 kite shield (worn)
Jewellery
 j - a ring of protection from cold (left hand)
Wands
 o - a wand of acid (5)
Scrolls
 i - a scroll of enchant armour
 k - a scroll of magic mapping
Potions
 d - 2 potions of might
 e - a potion of ambrosia {unknown}
 l - a potion of degeneration
 m - a potion of haste {unknown}
Comestibles
 f - 7 rations


   Skills:
 + Level 5.5 Fighting
 + Level 5.0 Maces & Flails
 - Level 3.0 Armour
 - Level 3.0 Shields


You had 6 spell levels left.
You didn't know any spells.
Your spell library was empty.

Dungeon Overview and Level Annotations

Branches:
Dungeon (4/15)
 Temple: D:4-7

Altars:

Annotations:
D:3 Ijyb
D:4 Sigmund


Message History

You hit Ijyb.
Ijyb is lightly wounded.
You are engulfed in freezing vapours.
You resist.
You feel sick. Ijyb hits you but does no damage.
Ijyb hits you with a +0 dagger.
You closely miss Ijyb.
Ijyb is lightly wounded.
You are engulfed in freezing vapours.
You resist.
You feel sick. Ijyb hits you with a +0 dagger.
You hit Ijyb but do no damage.
Ijyb is lightly wounded.
You are engulfed in freezing vapours.
You resist.
* * * LOW HITPOINT WARNING * * *
You feel sick. Ijyb barely misses you.
Really walk into that cloud of poison gas?
Okay, then.
It was a potion of degeneration.
There was something very wrong with that liquid.
You feel weakened.
You feel dopey.
You feel clumsy.
You are engulfed in freezing vapours.
You resist.
You die...

# .. # #. . .. #
###. ##. . # #...
.. .# #
#.#.##....##. #
#.#§§#g#§#... #
#.##§#.§§.... ###
####§##§#§§§....
..# #..§§§§§@§#
.## #.(°.§○g###
.########.##§####
.....)....##.#
.####..#####.#
.............#
##############


You could see Ijyb and a goblin.

Vanquished Creatures
  Duvessa (D:4)
  An ogre (D:4)
  Dowan (D:4)
  2 worker ants (D:4)
  3 adders
  2 oozes
  3 worms
  2 leopard geckos
  A ball python (D:3)
  4 bats
  3 giant cockroaches
  7 goblins
  2 hobgoblins
  5 kobolds
  A frilled lizard (D:2)
  4 rats
42 creatures vanquished.

Vanquished Creatures (others)
  A goblin (D:3)
1 creature vanquished.

Grand Total: 43 creatures vanquished

Notes
Turn   | Place    | Note
-------+----------+-------------------------------------------
     0 | D:1      | Faca the Human Fighter began the quest for the Orb.
     0 | D:1      | Reached XP level 1. HP: 18/18 MP: 1/1
    85 | D:1      | Reached XP level 2. HP: 23/24 MP: 2/2
   730 | D:2      | Reached XP level 3. HP: 29/29 MP: 3/3
  1031 | D:2      | You fall into a shaft and drop 2 floors!
  1079 | D:4      | Noticed Dowan
  1087 | D:4      | Noticed Duvessa
  1093 | D:4      | Killed Duvessa
  1093 | D:4      | Reached XP level 4. HP: 22/38 MP: 4/4
  1093 | D:4      | Reached XP level 5. HP: 25/43 MP: 5/5
  1100 | D:4      | Killed Dowan
  1100 | D:4      | Reached XP level 6. HP: 14/50 MP: 6/6
  1334 | D:4      | Reached skill level 5 in Fighting
  1509 | D:4      | Noticed an ogre
  1521 | D:4      | Killed an ogre
  1704 | D:4      | Noticed Sigmund
  2233 | D:2      | Reached skill level 5 in Maces & Flails
  2323 | D:3      | Reached XP level 7. HP: 48/56 MP: 7/7
  2371 | D:3      | Found a faded altar of an unknown god.
  2556 | D:3      | Noticed Ijyb
  2569 | D:3      | Engulfed by Ijyb's freezing vapour

Levels and vault maps discovered:
D:1:      zaba_arrival_water, layout_basic, grunt_decor_resistance
D:2:      layout_basic
D:3:      layout_loops_cross, lemuel_zombie_altar_yredelemnul,
          chequers_ecumenical_altar_simple_redux,
          minmay_misc_feat_secret_circle, uniq_crazy_yiuf_cottage, uniq_ijyb
D:4:      minmay_chambers_of_twos, layout_loops_cross, first_ration,
          enter_ossuary_4, kennysheep_generic_room_6, uniq_duvessa, uniq_sigmund

Skill      XL: |  1  2  3  4  5  6 |
---------------+-------------------+-----
Fighting       | 4 5 |  5.5
Maces & Flails | 3 4 5 |  5.0
Armour         | |  3.0
Shields        | |  3.0

Action                   |  1- 3 |  4- 6 |  7- 9 || total
-------------------------+-------+-------+-------++-------
Melee: Flail             |    81 |    85 |    35 ||   201
  Use: Scroll            |     3 |     4 |       ||     7
       Potion            |     1 |     1 |     1 ||     3
  Eat: Chunk             |       |     4 |     2 ||     6
Armor: Scale mail        |    38 |    37 |    15 ||    90
Dodge: Dodged            |    32 |    31 |     8 ||    71
Block: Kite shield       |    40 |    48 |    15 ||   103

Table legend:
 A = Non-vault XP
 B = Vault XP
 C = Vault XP percentage of total XP
 D = Non-vault monster count
 E = Vault monster count
 F = Vault count percentage of total count
                 A         B        C        D         E       F
            +---------+---------+-------+---------+---------+-------
      Total |     312 |     223 |  41.7 |      40 |       2 |   4.8
            +---------+---------+-------+---------+---------+-------
        D:1 |      25 |       0 |   0.0 |      12 |       0 |   0.0
        D:2 |      49 |       0 |   0.0 |      11 |       0 |   0.0
        D:3 |      35 |       0 |   0.0 |      11 |       0 |   0.0
        D:4 |     203 |     223 |  52.3 |       6 |       2 |  25.0
            +---------+---------+-------+---------+---------+-------
